 Dungeon Crawl Stone Soup version 0.22.0-21-g8bd1b0a (webtiles) character file.

3465 Tarasboulda the Frost Mage (level 10, -5/63 HPs)
             Began as a Merfolk Ice Elementalist on Aug 19, 2018.
             Was a Believer of Fedhas.
             Slain by Psyche the ice beast (10 damage)
             ... while paralysed
             ... on level 9 of the Dungeon.
             The game lasted 01:18:51 (11177 turns).

Tarasboulda the Frost Mage (MfIE)                  Turns: 11177, Time: 01:18:51

Health: -5/63      AC:  7    Str:  9    XL:     10   Next: 6%
Magic:  22/22      EV:  2    Int: 14    God:    Fedhas [**....]
Gold:   447        SH:  0    Dex: 18    Spells: 3/13 levels left

rFire    . . .     SeeInvis .   u - +0 spear
rCold    . . .     Gourm    .   (no shield)
rNeg     . . .     Faith    .   a - +0 robe
rPois    .         Spirit   .   (no helmet)
rElec    .         Reflect  .   q - +1 cloak
rCorr    .         Harm     .   m - +0 pair of gloves
MR       .....                  H - +1 pair of boots
Stlth    ++++......             (no amulet)
HPRegen  0.20/turn              o - ring of magical power
MPRegen  0.18/turn              n - ring of wizardry

@: paralysed, fainting
A: change form in water, swift swim, stealthy swim
a: Fungal Bloom, Sunlight, Evolution, Renounce Religion


You were on level 9 of the Dungeon.
You worshipped Fedhas.
Fedhas was pleased with you.
You were fainting.

You visited 2 branches of the dungeon, and saw 11 of its levels.

You collected 447 gold pieces.

Inventory:

Hand Weapons
 e - a +0 spear
 f - a +3 dagger
 u - a +0 spear (weapon)
Armour
 a - a +0 robe (worn)
 i - a scarf of spirit shield
 m - a +0 pair of gloves (worn)
 q - a +1 cloak (worn)
 C - the cursed +0 centaur barding of Niuhits {Str+10, unknown}
   (You found it on level 8 of the Dungeon)

   It affects your strength (+10).
   It has a curse placed upon it.
 H - a +1 pair of boots (worn)
Magical Staves
 F - an uncursed staff of energy {unknown}
Jewellery
 h - an uncursed ring of protection from magic
 n - a ring of wizardry (right hand)
 o - a ring of magical power (left hand)
 y - an uncursed ring of resist corrosion
Wands
 p - a wand of flame (21)
 z - a wand of enslavement (11)
 A - a wand of polymorph (4)
Scrolls
 j - 6 scrolls of remove curse
 k - 5 scrolls of amnesia
 l - a scroll of blinking
 r - 2 scrolls of teleportation
 t - 2 scrolls of fear
 v - 2 scrolls of enchant weapon
 w - 2 scrolls of random uselessness
 E - 2 scrolls of identify
Potions
 b - 2 potions of haste
 d - a potion of might
 g - 3 potions of curing
 s - 3 potions of flight
 x - 2 potions of lignification
 B - a potion of magic
 D - a potion of mutation
Miscellaneous
 G - a box of beasts


   Skills:
 * Level 9.3 Polearms
 + Level 9.0 Dodging
 + Level 8.1 Stealth
 - Level 2.0 Spellcasting
 - Level 0.7 Conjurations
 + Level 9.5 Ice Magic


You had 3 spell levels left.
You knew the following spells:

 Your Spells              Type           Power        Failure   Level  Hunger
a - Freeze                Ice            ####         1%          1    ##.....
b - Ozocubu's Armour      Chrm/Ice       ##......     4%          3    ####...
c - Throw Frost           Conj/Ice       ###...       1%          2    ###....
d - Summon Ice Beast      Ice/Summ       ##......     13%         4    #####..

Your spell library contained the following spells:

 Spells                   Type           Power        Failure   Level  Hunger
 Throw Icicle             Conj/Ice       ###.....     12%         4    #####..


Dungeon Overview and Level Annotations

Branches:
Dungeon (10/15)            Temple (0/1) D:6            Lair (1/6) D:9
    Orc: D:9-12

Altars:
Fedhas
Ru

Annotations:
D:4 2 transporters, letownia2's ghost, amateur DsTm
D:5 1 transporter
D:9 Joseph; Psyche
D:10 Harold


Message History

You reach to attack!
You hit Psyche but do no damage.
Psyche is moderately wounded.
Psyche hits your black bear. Psyche freezes your black bear!
Your black bear dies!
Psyche looks stronger.
Attack whom?
Press: ? - help, Dir - move target cursor, f/p - Psyche
Aim: Psyche the ice beast (moderately wounded)
You reach to attack!
You closely miss Psyche.
Psyche is moderately wounded.
You lose consciousness!
Psyche barely misses you. Psyche hits you. Psyche freezes you!
* * * LOW HITPOINT WARNING * * *
Psyche hits you but does no damage. Psyche hits you.
* * * LOW HITPOINT WARNING * * *
Psyche freezes you!
You die...
Fedhas appreciates your contribution to the ecosystem.

....##.##..........'..
#........#
.......##..........#
#........#
....#####..........#
#......... ##.##
#..........##...........#
#.#
######'#########........#
#.## #.# #.......[# #..#
#.### ##.####### ##.#
#...# #.. ###.## ###@#
#.# .....#
######Y#######+######
.....#
##.........##.........
.....#
........^..##..(......
.....#
.#...^......#.........
.....#
...#............†/....?.
.....#..#
###########...)......
.......# #..}.......
>....### ##.........


You could see Psyche the ice beast.

Vanquished Creatures
  Pikel (D:9)
  A slave (D:9)
  Menkaure (D:7)
  A black bear (D:9)
  An orc warrior (D:4)
  An ice beast (D:5)
  2 sky beasts
  A necrophage (D:10)
  A phantom (D:6)
  2 ogres (D:5)
  A centaur (D:9)
  4 bullfrogs
  4 scorpions
  A water moccasin skeleton (D:4)
  2 killer bees (D:9)
  5 crimson imps
  5 hounds
  2 jellies (D:9)
  An orc wizard (D:4)
  A bullfrog skeleton (D:7)
  3 orc priests
  An iguana (D:6)
  3 worker ants
  2 hound zombies
  8 gnolls
  14 adders
  2 shadow imps (D:5)
  2 oozes (D:1)
  An adder zombie (D:3)
  A worm (D:2)
  2 dart slugs
  9 leopard geckos
  10 orcs
  2 ball pythons
  7 bats
  4 giant cockroaches
  12 goblins
  11 hobgoblins
  11 jackals
  4 quokkas
  5 frilled lizards
  14 kobolds
  2 leopard gecko skeletons (D:5)
  7 rats
175 creatures vanquished.

Vanquished Creatures (collateral kills)
  A black bear (D:10)
  An ice beast (D:8)
  A necrophage (D:10)
  A big kobold (D:9)
  2 killer bees (D:10)
  3 howler monkeys (D:8)
  A crimson imp (D:6)
  A quasit (D:8)
  A bullfrog zombie (D:5)
  A centaur zombie (D:10)
  An orc wizard (D:6)
  An orc priest (D:6)
  A bullfrog skeleton (D:6)
  An iguana (D:8)
  A worker ant (D:5)
  A hound zombie (D:10)
  3 gnolls
  An adder (D:8)
  2 shadow imps
  An adder skeleton (D:9)
  3 kobolds (D:9)
29 creatures vanquished.

Vanquished Creatures (others)
  2 wandering mushrooms (D:10)
  3 slaves (D:9)
  A black bear (D:9)
  An ogre (D:9)
  A killer bee (D:9)
  A wight (D:9)
  A leopard gecko (D:9)
  91 toadstools
  A withered plant (D:10)
102 creatures vanquished.

Grand Total: 306 creatures vanquished

Notes
Turn   | Place    | Note
-------+----------+-------------------------------------------
     0 | D:1      | Tarasboulda the Merfolk Ice Elementalist began the quest for the Orb.
     0 | D:1      | Reached XP level 1. HP: 13/13 MP: 3/3
   195 | D:1      | Reached XP level 2. HP: 2/19 MP: 0/5
   745 | D:1      | Reached XP level 3. HP: 18/24 MP: 1/6
  1139 | D:2      | Reached XP level 4. HP: 28/30 MP: 2/7
  2354 | D:3      | Found a blossoming altar of Fedhas.
  2363 | D:3      | Became a worshipper of Fedhas Madash
  2606 | D:3      | Reached XP level 5. HP: 24/35 MP: 1/8
  2608 | D:3      | Reached skill level 5 in Ice Magic
  3346 | D:3      | Reached * piety under Fedhas
  3703 | D:4      | Found a transporter.
  3719 | D:4      | Noticed a phantom
  3865 | D:3      | Learned a level 3 spell: Ozocubu's Armour
  4051 | D:4      | Reached XP level 6. HP: 25/41 MP: 0/9
  4220 | D:4      | Found a transporter.
  4585 | D:4      | Reached skill level 5 in Dodging
  4649 | D:4      | Noticed letownia2's ghost (amateur DsTm)
  4744 | D:4      | Noticed an orc warrior
  4761 | D:4      | Killed an orc warrior
  4761 | D:4      | Reached XP level 7. HP: 44/46 MP: 5/10
  5000 | D:5      | Entered Level 5 of the Dungeon
  5010 | D:5      | Found a transporter.
  5019 | D:5      | Found a transporter.
  5171 | D:5      | Learned a level 2 spell: Throw Frost
  5182 | D:5      | Reached skill level 5 in Stealth
  5672 | D:5      | Learned a level 4 spell: Summon Ice Beast
  6349 | D:5      | Reached XP level 8. HP: 40/52 MP: 7/11
  6361 | D:5      | Reached ** piety under Fedhas
  7067 | D:6      | Found a sacrificial altar of Ru.
  7090 | D:6      | Reached skill level 1 in Polearms
  7745 | D:6      | Found a staircase to the Ecumenical Temple.
  8381 | D:7      | Reached skill level 5 in Polearms
  8381 | D:7      | Reached XP level 9. HP: 52/57 MP: 10/12
  8542 | D:7      | Noticed Menkaure
  8619 | D:7      | Killed Menkaure
  9398 | D:8      | Got a dazzling centaur barding
  9453 | D:8      | HP: 1/57 [something] (4)]
  9893 | D:9      | Noticed Pikel
  9905 | D:9      | Killed Pikel
  9928 | D:9      | Found a staircase to the Lair.
  9935 | Lair:1   | Entered Level 1 of the Lair of Beasts
 10100 | D:10     | Entered Level 10 of the Dungeon
 10356 | D:10     | Noticed Harold
 10572 | D:9      | Noticed Joseph
 10588 | D:9      | Reached XP level 10. HP: 49/63 MP: 8/13
 10636 | D:9      | HP: 1/63 [Joseph/sling bullet (17)]
 11150 | D:9      | Noticed Psyche
 11163 | D:9      | Noticed Psyche
 11163 | D:9      | Psyche changed into Psyche the ice beast
 11173 | D:9      | Paralysed by fainting for 6 turns
 11177 | D:9      | Slain by Psyche the ice beast

Skill      XL: |  1  2  3  4  5  6  7  8  9 10 |
---------------+-------------------------------+-----
Dodging        | 3 4 5 6 7 8 9 |  9.0
Ice Magic      | 4 5 6 7 8 9 |  9.5
Stealth        | 3 4 5 6 8 |  8.1
Polearms       | 5 9 |  9.3
Spellcasting   | |  2.0
Conjurations   | |  0.7

Action                   |  1- 3 |  4- 6 |  7- 9 | 10-12 || total
-------------------------+-------+-------+-------+-------++-------
Melee: Unarmed           |     2 |       |     4 |       ||     6
       Dagger            |     9 |    64 |    84 |       ||   157
       Spear             |       |       |   226 |    52 ||   278
 Cast: Freeze            |    45 |   127 |   175 |     9 ||   356
       Ozocubu's Armour  |       |     2 |     6 |       ||     8
       Throw Frost       |       |       |    45 |     2 ||    47
       Summon Ice Beast  |       |       |    37 |     1 ||    38
Invok: Fungal Bloom      |       |    17 |    27 |     1 ||    45
       Sunlight          |       |     1 |     2 |       ||     3
       Evolution         |       |       |     2 |       ||     2
Evoke: Wand              |       |       |    12 |     4 ||    16
  Use: Scroll            |       |     8 |    13 |       ||    21
       Potion            |       |     2 |     7 |     1 ||    10
 Stab: Distracted        |       |       |     3 |     1 ||     4
       Confused          |       |       |     1 |       ||     1
       Sleeping          |       |       |       |     1 ||     1
  Eat: Chunk             |     1 |     4 |     8 |       ||    13
       Ration            |       |     3 |     9 |       ||    12
Armor: Robe              |    10 |    12 |    56 |     4 ||    82
       Skin              |       |    11 |    17 |       ||    28
Dodge: Dodged            |    31 |    87 |   317 |    41 ||   476
